[Event "Titled Tuesday Blitz November 14 Early 2023"]
[White "Osinovsky, Stepan"]
[Black "Komov, Roman"]
[WhiteFideId "4157354"]
[BlackFideId "24175714"]
[WhiteElo "2407"]
[BlackElo "2742"]
[Result "0-1"]
[Round "1"]
[TimeControl "180+1"]
[Date "2023.11.14"]
[WhiteClock "0:00:20"]
[BlackClock "0:00:48"]
[Board "117"]

1. e4 c5 2. Nf3 d6 3. d4 cxd4 4. Nxd4 Nf6 5. Nc3 Nc6 6. Be3 e5 7. Ndb5 a6 8. Na3 b5 9. Nd5 Be6 10. c4 b4 11. Nc2 Rb8 12. Qd3 Be7 13. Rd1 O-O 14. Nxf6+ gxf6 15. Bh6 Kh8 16. Bxf8 Bxf8 17. g3 Qa5 18. Qb3 Qc5 19. Bd3 Na5 20. Qa4 Nxc4 21. Bxc4 Qxc4 22. f3 Bh6 23. Rf1 Rc8 24. Rf2 b3 25. Qxc4 Bxc4 26. Na3 bxa2 27. Nxc4 Rxc4 28. Ra1 Rc1+ 29. Rxc1 Bxc1 30. Ke2 a1=Q 0-1


[Site "https://www.chess.com"]

[Event "Titled Tuesday Blitz November 14 Early 2023"]
[White "Finek, Vaclav"]
[Black "Begunov, Konstantin"]
[WhiteFideId "23718293"]
[BlackFideId "4118510"]
[WhiteElo "2741"]
[BlackElo "2406"]
[Result "0-1"]
[Round "1"]
[TimeControl "180+1"]
[Date "2023.11.14"]
[WhiteClock "0:00:07"]
[BlackClock "0:00:16"]
[Board "118"]

1. Nf3 d5 2. g3 c6 3. Bg2 Bg4 4. O-O Nd7 5. h3 Bh5 6. d3 e5 7. e4 dxe4 8. dxe4 Bc5 9. Nbd2 Qe7 10. Nb3 Bb6 11. Qe2 Ngf6 12. a4 a5 13. g4 Bg6 14. Nfd2 Nc5 15. Nxc5 Bxc5 16. Nb3 Bb6 17. Be3 Nd7 18. Rfd1 Bxe3 19. Qxe3 O-O 20. Bf1 Rfd8 21. f3 f6 22. Bc4+ Bf7 23. Bxf7+ Kxf7 24. Rd3 Nf8 25. Rad1 Ne6 26. Qb6 Qb4 27. Rd7+ Ke8 28. Rxd8+ Rxd8 29. Rxd8+ Nxd8 30. Qxa5 Qc4 31. Qc5 Qxa4 32. Qd6 Qc4 33. Nc5 Qd4+ 34. Qxd4 exd4 35. b4 Ke7 36. Kf2 Kd6 37. Ke2 b6 38. Na4 Kc7 39. Nb2 Ne6 40. h4 c5 41. b5 Nd8 42. Nc4 Nf7 43. f4 Nd6 44. Nxd6 Kxd6 45. Kd3 Ke6 46. h5 g6 47. hxg6 hxg6 48. Ke2 g5 49. Kf3 gxf4 50. Kxf4 c4 51. Kg3 d3 52. cxd3 c3 53. d4 c2 0-1


[Site "https://www.chess.com"]

[Event "Titled Tuesday Blitz November 14 Early 2023"]
[White "Ron_Weasley_Chess"]
[Black "Arifarsky"]
[WhiteElo "2405"]
[BlackElo "2740"]
[Result "0-1"]
[Round "1"]
[TimeControl "180+1"]
[Date "2023.11.14"]
[WhiteClock "0:00:01"]
[BlackClock "0:00:11"]
[Board "119"]

1. Nf3 Nf6 2. g3 e6 3. Bg2 d5 4. O-O Be7 5. c4 O-O 6. b3 c5 7. Bb2 d4 8. e3 Nc6 9. exd4 cxd4 10. Re1 a5 11. a3 Re8 12. Ne5 Nxe5 13. Rxe5 Bd6 14. Re1 e5 15. d3 Qc7 16. Nd2 Bf5 17. Qf3 Bg6 18. Qxb7 Qxb7 19. Bxb7 Rab8 20. Be4 Nxe4 21. dxe4 Bc5 22. Kg2 f5 23. exf5 Bxf5 24. f3 Bc2 25. Re2 Bxb3 26. Nxb3 Rxb3 27. Rae1 Reb8 28. Bc1 Bd6 29. c5 Bc7 30. f4 exf4 31. gxf4 Rc3 32. Bb2 Rd3 33. Re8+ Rxe8 34. Rxe8+ Kf7 35. Re2 Bxf4 36. c6 Bd6 37. Kf1 a4 38. Ke1 h5 39. Rd2 Rxd2 40. Kxd2 Bxh2 41. Bxd4 Bc7 42. Ke3 g5 43. Ke4 Ke6 44. Be3 g4 45. Bg5 Kd6 46. Kf5 Kxc6 47. Kg6 g3 48. Bh4 g2 49. Bf2 Bb6 0-1


[Site "https://www.chess.com"]

[Event "Titled Tuesday Blitz November 14 Early 2023"]
[White "De Silva, L M S T"]
[Black "Szyszylo, Rafal"]
[WhiteFideId "9953698"]
[BlackFideId "1109626"]
[WhiteElo "2740"]
[BlackElo "2404"]
[Result "1-0"]
[Round "1"]
[TimeControl "180+1"]
[Date "2023.11.14"]
[WhiteClock "0:01:01"]
[BlackClock "0:00:00"]
[Board "120"]

1. b3 d6 2. Bb2 Nf6 3. g3 g6 4. Bg2 Bg7 5. Nf3 O-O 6. d4 Nc6 7. O-O e5 8. dxe5 Ng4 9. c4 dxe5 10. h3 Nh6 11. e4 f6 12. Nc3 Nf7 13. Nd5 Be6 14. Qc2 Rc8 15. Rfd1 Qe8 16. Nh2 Nd6 17. Nxc7 Rxc7 18. Rxd6 Qe7 19. Rdd1 b5 20. cxb5 Nd4 21. Qd3 Qd7 22. Nf3 Nxb5 23. Qe3 Qc8 24. Rac1 Rxc1 25. Rxc1 Qb7 26. Ne1 Rc8 27. Nd3 Rxc1+ 28. Qxc1 Nd4 29. Kh2 h5 30. Nc5 Qc6 31. Nxe6 Qxe6 32. Bf1 Kh7 33. Qc4 Qd6 34. Kg2 1-0


[Site "https://www.chess.com"]

[Event "Titled Tuesday Blitz November 14 Early 2023"]
[White "Marchesich, Giovanni"]
[Black "Atakhan, Abtin"]
[WhiteFideId "2824790"]
[BlackFideId "22502203"]
[WhiteElo "2403"]
[BlackElo "2739"]
[Result "0-1"]
[Round "1"]
[TimeControl "180+1"]
[Date "2023.11.14"]
[WhiteClock "0:00:35"]
[BlackClock "0:00:51"]
[Board "121"]

1. e4 c5 2. Nf3 d6 3. d4 cxd4 4. Nxd4 Nf6 5. Nc3 a6 6. Bc4 e6 7. Bb3 b5 8. O-O Be7 9. Qf3 Qb6 10. Be3 Qb7 11. Qg3 O-O 12. Bh6 Nh5 13. Qg4 Bf6 14. Qxh5 Bxd4 15. Qg4 b4 16. Rad1 Be5 17. f4 Bf6 18. e5 dxe5 19. fxe5 Bxe5 20. Rde1 f5 21. Rxf5 Rxf5 22. Qxf5 0-1


[Site "https://www.chess.com"]

[Event "Titled Tuesday Blitz November 14 Early 2023"]
[White "Petkov, Momchil"]
[Black "Xie, Bryan"]
[WhiteFideId "2921642"]
[BlackFideId "30941296"]
[WhiteElo "2738"]
[BlackElo "2402"]
[Result "1/2-1/2"]
[Round "1"]
[TimeControl "180+1"]
[Date "2023.11.14"]
[WhiteClock "0:00:07"]
[BlackClock "0:00:11"]
[Board "122"]

1. d4 d5 2. Nf3 Nf6 3. Bf4 Bf5 4. e3 c6 5. Nbd2 Nbd7 6. Ne5 h6 7. g4 Bh7 8. h4 Nxe5 9. dxe5 Ne4 10. Bd3 Nxd2 11. Qxd2 Bxd3 12. cxd3 e6 13. O-O-O Be7 14. Bg3 c5 15. Kb1 Rc8 16. f4 c4 17. Rc1 O-O 18. dxc4 dxc4 19. Qxd8 Rfxd8 20. Rhd1 b5 21. h5 Bc5 22. Bf2 Bb6 23. Kc2 f6 24. exf6 gxf6 25. Rxd8+ Rxd8 26. b3 Rc8 27. Rd1 Rc7 28. Rd8+ Kf7 29. Rh8 Kg7 30. Re8 Rc6 31. Re7+ Kf8 32. Rh7 e5 33. f5 cxb3+ 34. Kxb3 Rc4 35. Rxh6 Rxg4 36. Rxf6+ Kg7 37. Rg6+ Rxg6 38. fxg6 Kh6 39. Bg3 e4 40. Bf4+ Kg7 41. Be5+ Kh6 42. Bf4+ Kg7 43. Kb4 a6 44. a4 bxa4 45. Kxa4 Bd8 46. Be5+ Kh6 47. Bd4 Bc7 48. Kb4 a5+ 49. Kb5 Bd8 50. Bc3 Bg5 51. Bd4 Bd8 52. Ka4 Bc7 53. Kb5 Bd8 1/2-1/2


[Site "https://www.chess.com"]

[Event "Titled Tuesday Blitz November 14 Early 2023"]
[White "Haitin, Ilja"]
[Black "djokovic74"]
[WhiteFideId "4501764"]
[WhiteElo "2397"]
[BlackElo "2738"]
[Result "1-0"]
[Round "1"]
[TimeControl "180+1"]
[Date "2023.11.14"]
[WhiteClock "0:00:06"]
[BlackClock "0:00:01"]
[Board "123"]

1. Nf3 Nf6 2. g3 d5 3. Bg2 e6 4. c4 Be7 5. b3 O-O 6. Bb2 c5 7. cxd5 exd5 8. d4 Nc6 9. O-O Bg4 10. dxc5 Bxc5 11. Nc3 a6 12. Na4 Ba7 13. Rc1 Re8 14. h3 Bxf3 15. Bxf3 Qd6 16. Kg2 b5 17. Nc3 Rad8 18. Nxd5 Nxd5 19. Qxd5 Qxd5 20. Bxd5 Rxe2 21. Rxc6 Rxb2 22. Bxf7+ Kxf7 23. Rc7+ Kf6 24. Rxa7 Rxa2 25. Rc1 Rdd2 26. Rc6+ Ke5 27. Rf7 Rdb2 28. Rc3 Ra3 29. Re3+ Kd6 30. Rxg7 Raxb3 31. Rxb3 Rxb3 32. Rxh7 a5 33. h4 a4 34. h5 a3 35. Ra7 b4 36. h6 Rc3 37. g4 Ke6 38. h7 Rc8 39. Ra4 Kf6 40. Rxb4 Kg7 41. Rb7+ Kh8 42. Ra7 Rc3 43. f3 Rc2+ 44. Kg3 a2 45. g5 Rb2 46. Kf4 Rb4+ 47. Kg3 Rb2 48. Kg4 Rg2+ 49. Kf5 Rf2 50. f4 a1=Q 51. Rxa1 Kxh7 52. Ra7+ Kg8 53. Ke5 Kf8 54. f5 Re2+ 55. Kf6 Ke8 56. Ra8+ Kd7 57. g6 Rf2 58. g7 1-0


[Site "https://www.chess.com"]

[Event "Titled Tuesday Blitz November 14 Early 2023"]
[White "Harshavardhan G B"]
[Black "Melaugh, Shane"]
[WhiteFideId "25059009"]
[BlackFideId "2509580"]
[WhiteElo "2737"]
[BlackElo "2394"]
[Result "1-0"]
[Round "1"]
[TimeControl "180+1"]
[Date "2023.11.14"]
[WhiteClock "0:01:43"]
[BlackClock "0:00:47"]
[Board "124"]

1. e4 c5 2. Nf3 Nc6 3. Bb5 g6 4. O-O Bg7 5. Re1 e5 6. c3 Nge7 7. d4 cxd4 8. cxd4 exd4 9. Bf4 O-O 10. Bd6 Re8 11. Nbd2 Qb6 12. Qa4 a6 13. Bf1 Qa5 14. Qxa5 Nxa5 15. b4 Nac6 16. Nc4 b5 17. Nb6 Rb8 18. Bxb8 Nxb8 19. Rad1 Nec6 20. a3 d6 21. Nxc8 Rxc8 22. Rc1 Re8 23. Bd3 h6 24. Bb1 a5 25. bxa5 Nxa5 26. Ba2 Nbc6 27. Red1 Rxe4 28. Bd5 Re2 29. Bxc6 Nb3 30. Rb1 Nc5 31. Bxb5 Ne6 32. Bxe2 1-0


[Site "https://www.chess.com"]

[Event "Titled Tuesday Blitz November 14 Early 2023"]
[White "Jackalhead_Anubis"]
[Black "Krivonosov, Oleg"]
[BlackFideId "11600349"]
[WhiteElo "2393"]
[BlackElo "2733"]
[Result "1-0"]
[Round "1"]
[TimeControl "180+1"]
[Date "2023.11.14"]
[WhiteClock "0:01:55"]
[BlackClock "0:01:46"]
[Board "125"]

1. e3 d5 2. Nf3 Nf6 3. b3 g6 4. Bb2 Bg7 5. d4 O-O 6. Nbd2 c5 7. dxc5 Qa5 8. Bd4 Nfd7 9. c3 Qc7 10. Bxg7 Kxg7 11. b4 b6 12. Nb3 Nf6 13. Rc1 Nbd7 14. cxb6 axb6 15. Qc2 Ne5 16. Nxe5 Qxe5 17. Be2 Bf5 18. Qb2 Rfc8 19. Nd4 Bd7 20. O-O Ne4 21. Bf3 e6 22. c4 Ng5 23. Nxe6+ 1-0


[Site "https://www.chess.com"]

[Event "Titled Tuesday Blitz November 14 Early 2023"]
[White "Tristan, Leonardo"]
[Black "Martin Duque, Jesus"]
[WhiteFideId "113816"]
[BlackFideId "2208954"]
[WhiteElo "2729"]
[BlackElo "2391"]
[Result "1/2-1/2"]
[Round "1"]
[TimeControl "180+1"]
[Date "2023.11.14"]
[WhiteClock "0:00:07"]
[BlackClock "0:00:13"]
[Board "126"]

1. d4 Nf6 2. Bf4 b6 3. c4 e6 4. e3 Bb4+ 5. Nd2 Ne4 6. Nf3 Bb7 7. a3 Nxd2 8. Nxd2 Bd6 9. Qg4 O-O 10. Bxd6 cxd6 11. Bd3 Nc6 12. b4 Ne7 13. O-O f5 14. Qg3 Qc7 15. Rfc1 Rac8 16. a4 a5 17. bxa5 bxa5 18. h4 f4 19. exf4 Nf5 20. Bxf5 Rxf5 21. Qe3 Rcf8 22. g3 Qc6 23. d5 exd5 24. cxd5 Qxd5 25. Qb3 Bc6 26. Qxd5+ Rxd5 27. Nc4 Rb8 28. Rd1 Rxd1+ 29. Rxd1 Bxa4 30. Ra1 Bc6 31. Nxa5 Bd5 32. Kf1 h5 33. Ke2 Kf7 34. Ke3 Ke6 35. Kd4 Rb4+ 36. Kc3 Rb5 37. Kd4 Kf5 38. f3 Bxf3 39. Nc4 Kg4 40. Ra7 Rd5+ 41. Ke3 Kxg3 42. Rxd7 g6 43. Rg7 Bg4 44. Rxg6 Kxh4 45. Nxd6 Rd1 46. Ne4 Re1+ 47. Kd4 Kh3 48. Nf2+ Kg2 49. Nxg4 hxg4 50. f5 g3 51. f6 Rf1 52. Ke5 Kh2 53. Ke6 g2 54. Rxg2+ Kxg2 55. f7 Kg3 56. Ke7 Kg4 57. f8=Q Rxf8 58. Kxf8 1/2-1/2


[Site "https://www.chess.com"]

[Event "Titled Tuesday Blitz November 14 Early 2023"]
[White "Cheer_Down"]
[Black "Csonka, Balazs"]
[BlackFideId "742910"]
[WhiteElo "2389"]
[BlackElo "2726"]
[Result "0-1"]
[Round "1"]
[TimeControl "180+1"]
[Date "2023.11.14"]
[WhiteClock "0:00:00"]
[BlackClock "0:00:04"]
[Board "127"]

1. c4 g6 2. Nc3 Bg7 3. d4 Nf6 4. e4 d6 5. f3 O-O 6. Nge2 a6 7. Bg5 Nc6 8. d5 Na5 9. Nd4 c5 10. dxc6 Nxc6 11. Be2 Bd7 12. Be3 Qa5 13. O-O Nxd4 14. Bxd4 b5 15. Nd5 Nxd5 16. cxd5 Rfc8 17. Bxg7 Kxg7 18. Qd4+ f6 19. Rfc1 Rxc1+ 20. Rxc1 Rc8 21. Rxc8 Qe1+ 22. Bf1 Bxc8 23. Qc3 Qxc3 24. bxc3 Kf8 25. Kf2 Ke8 26. Ke3 Kd8 27. a3 Kc7 28. Bd3 Kb6 29. f4 Kc5 30. h4 h6 31. Be2 a5 32. g4 g5 33. hxg5 hxg5 34. f5 Bb7 35. Bd3 Bc8 36. Be2 Bd7 37. Bd3 b4 38. cxb4+ axb4 39. axb4+ Kxb4 40. Kd4 Ba4 41. Be2 Bb3 42. Bf3 Bc2 43. Be2 Kb3 44. Bf3 Kb2 45. Ke3 Kc1 46. Be2 Ba4 47. Bf3 Bb5 48. Bg2 Kd1 49. Bh3 Ke1 50. Bg2 Ba4 51. Bf3 Bb3 52. Be2 Ba2 53. Bf3 Bc4 54. Kd4 Be2 55. Ke3 Bxf3 56. Kxf3 Kf1 57. Ke3 Kg2 0-1


[Site "https://www.chess.com"]

[Event "Titled Tuesday Blitz November 14 Early 2023"]
[White "Lukovic, Vladimir"]
[Black "Goldin, Roman"]
[WhiteFideId "942952"]
[BlackFideId "2803860"]
[WhiteElo "2723"]
[BlackElo "2387"]
[Result "0-1"]
[Round "1"]
[TimeControl "180+1"]
[Date "2023.11.14"]
[WhiteClock "0:00:15"]
[BlackClock "0:00:20"]
[Board "128"]

1. e4 Nc6 2. Bc4 Nf6 3. Nc3 Nxe4 4. Bxf7+ Kxf7 5. Nxe4 e5 6. Qh5+ g6 7. Qf3+ Kg7 8. c4 Nd4 9. Qc3 Bb4 10. Qd3 d5 11. cxd5 Qxd5 12. Ne2 Bf5 13. f3 Nxf3+ 14. Qxf3 Bxe4 15. Qg4 Rhf8 16. a3 Bxg2 17. Rg1 Bf3 18. Qxb4 Bxe2 19. Qh4 Bd3 20. b4 Rf4 21. Qe7+ Rf7 22. Qh4 Raf8 23. Qh3 Qe4+ 0-1


[Site "https://www.chess.com"]

[Event "Titled Tuesday Blitz November 14 Early 2023"]
[White "Mestnikov, Aisen"]
[Black "Halkias, Stelios"]
[WhiteFideId "34130117"]
[BlackFideId "4201809"]
[WhiteElo "2386"]
[BlackElo "2718"]
[Result "0-1"]
[Round "1"]
[TimeControl "180+1"]
[Date "2023.11.14"]
[WhiteClock "0:00:00"]
[BlackClock "0:00:19"]
[Board "129"]

1. d4 d5 2. c4 e6 3. Nf3 Nf6 4. g3 Be7 5. Bg2 O-O 6. O-O c6 7. Nc3 Nbd7 8. Qd3 a5 9. Rd1 b6 10. e4 Ba6 11. b3 Bb4 12. Ne5 dxc4 13. Nxc4 b5 14. Ne3 e5 15. a3 Be7 16. d5 b4 17. Qc2 Qc7 18. Nf5 Bc5 19. d6 Qa7 20. Na4 Bb5 21. Nxc5 Qxc5 22. Qxc5 Nxc5 23. a4 Nxb3 24. axb5 cxb5 25. Rb1 a4 26. Bd2 Nxd2 27. Rxd2 b3 28. Bf1 Nxe4 29. Rd5 Nc3 30. Rdd1 Nxd1 31. Rxd1 a3 32. Bxb5 a2 33. d7 b2 34. Ne7+ Kh8 35. d8=Q Rfxd8 36. Ra1 bxa1=Q+ 0-1


[Site "https://www.chess.com"]

[Event "Titled Tuesday Blitz November 14 Early 2023"]
[White "Karthik Rajaa"]
[Black "Dwilewicz, Katarzyna"]
[WhiteFideId "25035215"]
[BlackFideId "1148486"]
[WhiteElo "2718"]
[BlackElo "2385"]
[Result "1-0"]
[Round "1"]
[TimeControl "180+1"]
[Date "2023.11.14"]
[WhiteClock "0:02:09"]
[BlackClock "0:00:56"]
[Board "130"]

1. Nf3 e6 2. c4 c5 3. Nc3 Nc6 4. g3 d5 5. cxd5 exd5 6. d4 cxd4 7. Nxd4 Nf6 8. Bg2 Bc5 9. Nb3 Bb6 10. O-O Be6 11. Bg5 O-O 12. Na4 Bc7 13. Nac5 b6 14. Nxe6 fxe6 15. Rc1 Ne5 16. Bh3 Re8 17. Nd4 Kf7 18. Bxf6 gxf6 19. Qc2 Rc8 20. Qxh7+ Kf8 21. Nxe6+ Rxe6 22. Bxe6 1-0


[Site "https://www.chess.com"]

[Event "Titled Tuesday Blitz November 14 Early 2023"]
[White "Hoffmann, Asa"]
[Black "DopplerCharlotteDeWitte"]
[WhiteFideId "2001470"]
[WhiteElo "2382"]
[BlackElo "2716"]
[Result "0-1"]
[Round "1"]
[TimeControl "180+1"]
[Date "2023.11.14"]
[WhiteClock "0:01:46"]
[BlackClock "0:01:10"]
[Board "131"]

1. d4 Nf6 2. Bg5 Ne4 3. Bf4 c5 4. f3 Nf6 5. dxc5 b6 6. Nc3 bxc5 7. e4 g6 8. Qd2 Bg7 9. O-O-O Nc6 10. Bc4 O-O 11. Bh6 Ne5 12. Be2 d6 13. h4 Be6 14. g4 Rb8 15. b3 Qa5 16. Bxg7 Kxg7 17. h5 c4 18. hxg6 fxg6 19. g5 Nh5 20. Rxh5 gxh5 21. f4 cxb3 22. cxb3 Rxf4 23. Qxf4 Qxc3+ 24. Kb1 Bxb3 0-1


[Site "https://www.chess.com"]

[Event "Titled Tuesday Blitz November 14 Early 2023"]
[White "Djokic, Mihailo"]
[Black "MarijaKuznecova"]
[WhiteFideId "976440"]
[WhiteElo "2716"]
[BlackElo "2380"]
[Result "1-0"]
[Round "1"]
[TimeControl "180+1"]
[Date "2023.11.14"]
[WhiteClock "0:00:56"]
[BlackClock "0:00:00"]
[Board "132"]

1. e4 c5 2. Nf3 d6 3. d4 cxd4 4. Nxd4 Nf6 5. Nc3 a6 6. Rg1 h5 7. h3 h4 8. Be3 e5 9. Nb3 Be6 10. Qd2 b5 11. O-O-O Nbd7 12. Bd3 Nb6 13. Na5 Rc8 14. f4 Nc4 15. Nxc4 bxc4 16. Be2 Qa5 17. f5 Be7 18. fxe6 fxe6 19. a3 O-O 20. Rdf1 Rfd8 21. g3 d5 22. exd5 exd5 23. Nb1 Qb5 24. gxh4 Ne4 25. Qe1 Kh7 26. Bg4 Rb8 27. Bf5+ Kh8 28. Bxe4 dxe4 29. Qc3 Bf6 30. Nd2 Bxh4 31. Nxe4 Rd5 32. Rg4 1-0


[Site "https://www.chess.com"]

[Event "Titled Tuesday Blitz November 14 Early 2023"]
[White "Real_taiatai"]
[Black "Begmuratov, Alisher"]
[BlackFideId "14203367"]
[WhiteElo "2377"]
[BlackElo "2713"]
[Result "0-1"]
[Round "1"]
[TimeControl "180+1"]
[Date "2023.11.14"]
[WhiteClock "0:00:13"]
[BlackClock "0:00:56"]
[Board "133"]

1. e4 e5 2. Nf3 Nc6 3. Bc4 Bc5 4. c3 Nf6 5. d3 d6 6. O-O h6 7. h3 O-O 8. a4 a6 9. a5 Ba7 10. Re1 Ne7 11. Nbd2 Ng6 12. Nf1 Be6 13. Bxe6 fxe6 14. Qb3 Qd7 15. Ng3 Kh7 16. Be3 Bxe3 17. Rxe3 Nf4 18. d4 exd4 19. cxd4 d5 20. e5 Ne4 21. Rc1 c6 22. Nxe4 dxe4 23. Rxe4 Nd5 24. Rg4 Rf7 25. Nd2 Raf8 26. Ne4 Qc7 27. Qd3 Kg8 28. Nd6 Rf4 29. Qg6 Qe7 30. Rd1 Rxf2 31. Rd3 Rf1+ 32. Kh2 Nf4 33. Rxf4 R8xf4 34. Rg3 Rxd4 35. Ne4 Rdd1 36. Rg4 Rh1+ 37. Kg3 Rd3+ 38. Kf2 Kh8 39. Nf6 Qc5+ 40. Ke2 Qc2# 0-1


[Site "https://www.chess.com"]

[Event "Titled Tuesday Blitz November 14 Early 2023"]
[White "Chinguun, Sumiya"]
[Black "Jamal-Jamal-Jamal"]
[WhiteFideId "4902572"]
[WhiteElo "2709"]
[BlackElo "2376"]
[Result "1-0"]
[Round "1"]
[TimeControl "180+1"]
[Date "2023.11.14"]
[WhiteClock "0:00:56"]
[BlackClock "0:00:00"]
[Board "134"]

1. e4 c5 2. Nf3 e6 3. d4 cxd4 4. Nxd4 Nc6 5. Nc3 Qc7 6. Be2 Nf6 7. O-O a6 8. Be3 Be7 9. f4 d6 10. Kh1 O-O 11. Nxc6 bxc6 12. Bd3 e5 13. fxe5 dxe5 14. Qe2 a5 15. a4 Rb8 16. Nd1 Be6 17. b3 h6 18. Nb2 Bg4 19. Qf2 Be6 20. Qg3 Kh8 21. Nc4 Bxc4 22. bxc4 c5 23. Rf5 Nd7 24. h3 Qd6 25. Raf1 Kg8 26. Be2 Qg6 27. Qf2 Qd6 28. Rd1 Qc6 29. Qg3 Kh8 30. Bg4 Rbd8 31. Rd5 Qxa4 32. Bh5 Qxc4 33. Bxf7 Qxe4 34. Bxh6 gxh6 35. Qg6 Qh4 36. Rh5 Qxh5 37. Qxh5 Bg5 38. h4 Nf6 39. Rxd8 Rxd8 40. Qg6 Rd1+ 41. Kh2 Bf4+ 42. g3 Rd2+ 43. Kh3 1-0


[Site "https://www.chess.com"]

[Event "Titled Tuesday Blitz November 14 Early 2023"]
[White "Matveeva, Olga"]
[Black "Ilkhomi, Jaloliddin"]
[WhiteFideId "24107018"]
[BlackFideId "14700948"]
[WhiteElo "2374"]
[BlackElo "2706"]
[Result "1/2-1/2"]
[Round "1"]
[TimeControl "180+1"]
[Date "2023.11.14"]
[WhiteClock "0:01:04"]
[BlackClock "0:00:26"]
[Board "135"]

1. d4 Nf6 2. c4 e6 3. g3 Bb4+ 4. Bd2 Qe7 5. Nf3 O-O 6. Bg2 b6 7. O-O Bxd2 8. Nbxd2 Bb7 9. Qc2 d5 10. cxd5 exd5 11. Ne5 c5 12. e3 Nbd7 13. Nxd7 Nxd7 14. dxc5 bxc5 15. Rfd1 Rfd8 16. Rac1 Rac8 17. b3 Ne5 18. Nf3 d4 19. Nxe5 Bxg2 20. Kxg2 Qxe5 21. exd4 Rxd4 22. Rxd4 Qxd4 23. Qc4 Qd6 24. b4 Qc6+ 25. Kg1 Qa4 26. bxc5 Qxc4 27. Rxc4 f5 28. Kg2 Kf7 29. Kf3 Ke6 30. Kf4 h6 31. h4 g6 32. Rc2 Rc6 33. f3 a5 34. g4 fxg4 35. fxg4 Kd5 36. h5 Rf6+ 37. Ke3 Re6+ 38. Kd3 gxh5 39. gxh5 Rc6 40. Ke3 Rxc5 41. Rxc5+ Kxc5 42. Kf4 Kb4 43. Kf5 Ka3 44. Kg6 Kxa2 45. Kxh6 Kb1 46. Kg6 a4 47. h6 a3 48. h7 a2 49. h8=Q a1=Q 50. Qxa1+ Kxa1 1/2-1/2


[Site "https://www.chess.com"]

[Event "Titled Tuesday Blitz November 14 Early 2023"]
[White "MKlose11"]
[Black "Samaganova, Aleksandra"]
[BlackFideId "13800221"]
[WhiteElo "2706"]
[BlackElo "2372"]
[Result "0-1"]
[Round "1"]
[TimeControl "180+1"]
[Date "2023.11.14"]
[WhiteClock "0:00:12"]
[BlackClock "0:00:54"]
[Board "136"]

1. e4 c5 2. Nc3 e6 3. d3 Nc6 4. g3 g6 5. Bg2 Bg7 6. Be3 Nd4 7. Qd2 h6 8. Nd1 d6 9. c3 Nc6 10. Ne2 Nge7 11. O-O Rb8 12. d4 cxd4 13. Nxd4 d5 14. Nxc6 bxc6 15. Bxa7 Ra8 16. Be3 Ba6 17. Re1 Qa5 18. a3 Rb8 19. b4 Qc7 20. exd5 Nxd5 21. Bd4 O-O 22. Bxg7 Kxg7 23. Ne3 Rfd8 24. Nxd5 cxd5 25. Qd4+ Kg8 26. a4 Bc4 27. a5 Ra8 28. Reb1 Bb5 29. Ra3 Rdc8 30. Bf1 Qb7 31. Re1 Bc4 32. Bxc4 Rxc4 33. Qf4 Rxf4 34. gxf4 Qc7 35. Re5 Qc4 36. a6 Rxa6 37. Rxa6 Qxa6 0-1


[Site "https://www.chess.com"]

[Event "Titled Tuesday Blitz November 14 Early 2023"]
[White "Skaric, Djuro"]
[Black "Martinez Ramirez, Lennis"]
[WhiteFideId "934569"]
[BlackFideId "3509079"]
[WhiteElo "2372"]
[BlackElo "2703"]
[Result "0-1"]
[Round "1"]
[TimeControl "180+1"]
[Date "2023.11.14"]
[WhiteClock "0:00:20"]
[BlackClock "0:00:03"]
[Board "137"]

1. g3 d5 2. Bg2 Nf6 3. d3 Nc6 4. h3 e5 5. Nf3 h6 6. O-O Be7 7. Nc3 O-O 8. e4 dxe4 9. dxe4 Be6 10. a3 a5 11. Be3 Qc8 12. Kh2 Rd8 13. Qc1 b6 14. b3 Bc5 15. Qb2 Bxe3 16. fxe3 Qd7 17. Rf2 Qe7 18. Nh4 Qc5 19. Re1 Ne7 20. Nf5 Bxf5 21. exf5 Rac8 22. g4 c6 23. Rfe2 Ned5 24. Nxd5 cxd5 25. Qxe5 Qxa3 26. Qg3 Rc3 27. h4 Qd6 28. g5 Ng4+ 29. Kh3 h5 30. Qxd6 Rxd6 31. Bf3 d4 32. Bxg4 hxg4+ 33. Kxg4 d3 34. cxd3 Rdxd3 35. h5 Rxb3 36. g6 fxg6 37. hxg6 Kf8 38. Kf4 Ke7 39. e4 a4 40. Rh1 a3 41. Rh7 Kf8 42. Rh8+ Ke7 43. Rg8 Kd6 44. e5+ Kc5 45. Rc8+ Kb5 46. e6 Rf3+ 47. Ke5 Rb2 48. Re1 Rff2 49. e7 Rfe2+ 50. Kd6 Rxe1 51. Rc1 Rd2+ 52. Kc7 Rxc1+ 53. Kb8 Re2 54. f6 Re6 55. f7 Rxe7 56. f8=Q Rcc7 57. Qf1+ Ka5 58. Qf5+ b5 59. Qd5 Rb7+ 60. Ka8 Ra7+ 61. Kb8 Rad7 62. Qb3 Rd8# 0-1


[Site "https://www.chess.com"]

[Event "Titled Tuesday Blitz November 14 Early 2023"]
[White "Danielyan, Vahe"]
[Black "Tarasova, Viktoriya"]
[WhiteFideId "13304828"]
[BlackFideId "4175840"]
[WhiteElo "2699"]
[BlackElo "2369"]
[Result "1-0"]
[Round "1"]
[TimeControl "180+1"]
[Date "2023.11.14"]
[WhiteClock "0:01:10"]
[BlackClock "0:00:00"]
[Board "138"]

1. e4 e5 2. Nc3 Nf6 3. g3 Nc6 4. Bg2 Bc5 5. Nge2 a6 6. O-O d6 7. d3 h6 8. h3 O-O 9. Kh2 Nd4 10. f4 c6 11. g4 Nxe2 12. Nxe2 exf4 13. Bxf4 d5 14. e5 Nh7 15. Qd2 Be7 16. Ng3 Bg5 17. Nf5 Be6 18. Rae1 Bxf4+ 19. Rxf4 Kh8 20. Ref1 Qc7 21. d4 f6 22. Nh4 Bf7 23. Rf5 Rae8 24. Qe3 Kg8 25. Kh1 Be6 26. R5f2 Bf7 27. Re1 c5 28. c3 cxd4 29. cxd4 Be6 30. Ng6 Rf7 31. Nf4 fxe5 32. Nxe6 Rxe6 33. Bxd5 Qd6 34. Bxe6 Qxe6 35. Rxf7 Qxf7 36. Qxe5 Qxa2 37. Qe6+ 1-0


[Site "https://www.chess.com"]

[Event "Titled Tuesday Blitz November 14 Early 2023"]
[White "iJueles"]
[Black "Rozman, Levy"]
[BlackFideId "2039877"]
[WhiteElo "2369"]
[BlackElo "2698"]
[Result "0-1"]
[Round "1"]
[TimeControl "180+1"]
[Date "2023.11.14"]
[WhiteClock "0:00:04"]
[BlackClock "0:00:28"]
[Board "139"]

1. d4 g6 2. Nf3 Bg7 3. c4 d6 4. Nc3 Bg4 5. e4 Bxf3 6. gxf3 Nc6 7. Be3 e5 8. d5 Nd4 9. f4 c5 10. Bd3 Ne7 11. Rg1 Qb6 12. Rb1 Kf8 13. fxe5 dxe5 14. h4 h5 15. Kf1 Bf6 16. Bg5 Bxg5 17. Rxg5 Qf6 18. Ne2 Nf3 19. Rg3 Nxh4 20. Ng1 g5 21. b4 cxb4 22. Rxb4 b6 23. c5 bxc5 24. Rb7 Kg7 25. Qb3 Nhg6 26. d6 Qxd6 27. Rxg5 Rab8 28. Rxb8 Rxb8 29. Qc2 h4 30. Bc4 Qf6 31. Qd2 Rd8 32. Qe3 Rd4 33. Be2 Qf4 34. Qxf4 exf4 35. Nf3 Rxe4 36. Nxh4 Re5 37. Rxe5 Nxe5 38. Ke1 Kf6 39. f3 Nd5 40. Ng2 Kf5 41. Kf2 Nc3 42. a3 c4 43. Ne1 Ke6 44. Nc2 Kd5 45. Bf1 Nd3+ 46. Kg2 a5 47. Kh3 Ne5 48. Kg2 Nd1 49. Be2 Ne3+ 50. Nxe3+ fxe3 51. Kg3 c3 52. Bd1 e2 0-1


[Site "https://www.chess.com"]